 Dungeon Crawl Stone Soup version 0.25-a0-1113-g0499d652a8 (webtiles) character file.

Game seed: 16722372091044628352, levelgen mode: deterministic

33270 Flugslaktarn the Cleaver (level 13, -6/121 HPs)
             Began as a Deep Dwarf Fighter on May 16, 2020.
             Was an Elder of Makhleb.
             Collided with a stone wall (17 damage)
             ... caused by a wretched star
             ... on level 3 of the Abyss.
             The game lasted 00:08:38 (10219 turns).

Flugslaktarn the Cleaver (Deep Dwarf Fighter)      Turns: 10219, Time: 00:08:38

Health: -6/121     AC: 24    Str: 24 (25) XL:     13   Next: 35%
Magic:  6/6        EV:  6    Int:  5      God:    Makhleb [****..]
Gold:   917        SH: 12    Dex: 11      Spells: 12/12 levels left

rFire    . . .     SeeInvis +   a - +1 war axe
rCold    . . .     Gourm    .   g - +0 kite shield
rNeg     . . .     Faith    .   l - +0 plate armour
rPois    +         Spirit   .   j - +1 helmet {SInv}
rElec    .         Reflect  .   (no cloak)
rCorr    .         Harm     .   O - +1 pair of gloves {Dex+3}
MR       +....     Rnd*Rage +   (no boots)
Stlth    ..........             (no amulet)
HPRegen  0.00/turn              o - ring of poison resistance
MPRegen  0.10/turn              p - +4 ring of protection

@: non-regenerating
A: damage resistance, heal wounds, [berserk 2], [clumsy 2], [deterioration 2],
[dopey 2], sense surroundings 2, [screaming 2], no regeneration
a: Heal Wounds, Minor Destruction, Lesser Servant of Makhleb, Major Destruction,
Renounce Religion


You were on level 3 of the Abyss.
You worshipped Makhleb.
Makhleb was greatly pleased with you.
You were not hungry.

You visited 3 branches of the dungeon, and saw 17 of its levels.
You visited the Abyss 1 time.
You also visited: Bailey.

You collected 917 gold pieces.

Inventory:

Hand Weapons
 a - a +1 war axe (weapon)
 P - a +0 hand axe of distortion
   (You found it on level 4 of the Lair of Beasts)
Missiles
 H - a throwing net (quivered)
Armour
 g - a +0 kite shield (worn)
 i - +2 fire dragon scales
   (You found it in a bailey)
 j - a +1 helmet of see invisible (worn)
   (You found it in a bailey)
 l - a +0 plate armour (worn)
   (You took it off an orc warrior on level 2 of the Dungeon)
 C - a +0 tower shield
   (You found it on level 9 of the Dungeon)
 O - a +1 pair of gloves of dexterity (worn)
   (You found it on level 2 of the Lair of Beasts)
Jewellery
 c - an uncursed ring of protection from cold
   (You found it on level 4 of the Dungeon)
 o - a ring of poison resistance (left hand)
   (You found it on level 3 of the Lair of Beasts)
 p - a +4 ring of protection (right hand)
   (You found it on level 4 of the Dungeon)
 E - a +6 ring of dexterity
   (You found it on level 8 of the Dungeon)
Wands
 v - a wand of digging (12)
   (You found it on level 7 of the Dungeon)
 y - a wand of acid (24)
   (You found it on level 6 of the Dungeon)
 B - a wand of paralysis (38)
   (You found it on level 7 of the Dungeon)
 F - a wand of enslavement (12)
   (You found it on level 3 of the Lair of Beasts)
 G - a wand of iceblast (9)
   (You found it on level 10 of the Dungeon)
 N - a wand of clouds (5)
   (You found it on level 4 of the Lair of Beasts)
Scrolls
 b - a scroll of immolation
 n - 2 scrolls of fog
 r - a scroll of identify
 t - 2 scrolls of teleportation
 x - 12 scrolls of remove curse
 z - 5 scrolls of blinking
 A - 2 scrolls of magic mapping
 D - 2 scrolls of fear
 J - a scroll of brand weapon {unknown}
 Q - 2 scrolls of enchant weapon
Potions
 d - 3 potions of might
 f - 3 potions of cancellation
 h - a potion of haste
 k - 2 potions of invisibility
 m - 3 potions of flight
 q - 7 potions of curing
 s - a potion of magic
 u - a potion of brilliance {unknown}
 w - 4 potions of heal wounds
 I - a potion of lignification
 K - 4 potions of ambrosia
 L - 2 potions of berserk rage {unknown}
 M - a potion of stabbing {unknown}
Comestibles
 e - 18 rations
 R - 5 chunks of flesh


   Skills:
 + Level 9.3 Fighting
 * Level 14.4 Axes
 + Level 11.0 Armour
 + Level 11.0 Shields
 + Level 11.4 Invocations


You had 12 spell levels left.
You didn't know any spells.
Your spell library was empty.

Dungeon Overview and Level Annotations

Branches:
Dungeon (11/15)            Temple (1/1) D:4            Lair (5/6) D:9
 Shoals (0/4) Lair:4        Snake (0/4) Lair:4          Orc (0/2) D:9
 Bailey (visited)
  Slime: Lair:5-6

Altars:
Ashenzari
Cheibriados
Elyvilon
Gozag
Hepliaklqana
Makhleb
Nemelex Xobeh
Sif Muna
Trog
Vehumet
Wu Jian
Xom


Innate Abilities, Weirdness & Mutations

You are resistant to damage.
You can heal yourself by infusing magical energy.
You passively map the area around you.
You do not regenerate.
[You often lose your temper in combat.]
[You are very clumsy. (Dex -4)]
[Your body often deteriorates upon taking damage.]
[You are very dopey. (Int -4)]
[You sometimes yell uncontrollably at your foes.]


Message History

You writhe in agony.
* * * LOW HITPOINT WARNING * * *
You feel much better.
The tormentor calls on the powers of darkness!
Your body is wracked with pain!
* * * LOW HITPOINT WARNING * * *
You block the orange demon's attack.
The wretched star glows turbulently.
The lance of force hits you but does no damage.
Your ynoxinul closely misses the wretched star.
You feel much better.
The tormentor calls on the powers of darkness!
Your body is wracked with pain!
* * * LOW HITPOINT WARNING * * *
The wretched star glows turbulently.
The lance of force hits you!
* * * LOW HITPOINT WARNING * * *
You are knocked back by the lance of force.
You slam into the stone wall!
You die...

. .## .## . #.# ##.##
##. # # ##
...###...###...###...
# .#.
...#.....#.....#....
#. ... ............ .
[.. .. .....#... . .
..# #.. # ...###...##
.. ##.# ##.## ##.##
##. # ##...###2@.###
.. .÷. # . ..
..#4*...#. .. . . . .
........3...... ...÷.
.
.....#.....#.....#..
. . ..##.. .#...##
...###... ......##.##
#.## #. # .
.#...##...# #... .. #
. #... ....#.. . ....
#... ..#.... ..


You could see a wretched star, an orange demon, a tormentor and a friendly
ynoxinul (summoned).

Vanquished Creatures
  A hydra (Lair:4)
  2 catoblepae
  2 death yaks (Lair:2)
  An unseen horror (Abyss:2)
  An orc knight (Bailey)
  4 black mambas
  11 elephants
  A torpor snail (Lair:2)
  2 spiny frogs
  A large abomination (Abyss:2)
  A rime drake (Lair:2)
  3 komodo dragons
  A merfolk (D:9)
  4 polar bears
  Grinder (D:3)
  13 blink frogs
  3 raiju (Abyss:3)
  2 hippogriffs
  2 wyverns (Lair:2)
  A basilisk (Lair:5)
  21 yaks
  A hungry ghost (D:7)
  3 insubstantial wisps (Abyss:3)
  3 nagas (Lair:4)
  8 water moccasins
  9 porcupines
  6 orc warriors
  2 sky beasts (D:8)
  An eye of draining (D:9)
  A hornet zombie (D:7)
  2 ice beasts
  A black bear (D:8)
  6 ogres
  2 phantoms
  3 centaurs
  5 wolves
  7 crocodiles
  18 bullfrogs
  A water moccasin zombie (D:7)
  A wyvern zombie (D:6)
  2 wyvern skeletons
  2 scorpions (D:9)
  4 killer bees (D:7)
  12 wights
  An electric eel (Lair:4)
  3 howler monkeys (D:9)
  5 crimson imps
  A centaur zombie (D:9)
  2 jellies
  A quasit (D:8)
  2 bullfrog skeletons
  4 hounds
  6 orc priests
  2 centaur skeletons
  9 orc wizards
  7 iguanas
  7 worker ants
  A killer bee zombie (D:7)
  2 hound skeletons
  2 worker ant zombies
  6 gnolls
  A howler monkey skeleton (D:6)
  4 adders
  A shadow imp (D:8)
  2 oozes
  2 adder skeletons
  A worm (D:4)
  5 leopard geckos
  34 orcs
  3 giant cockroaches
  A goblin (D:10)
  2 hobgoblins
  2 jackals (D:4)
  A quokka (D:7)
  6 frilled lizards
  2 kobolds (D:2)
  A quokka zombie (D:5)
  3 rats (D:2)
  2 fungi
312 creatures vanquished.

Vanquished Creatures (collateral kills)
  3 hydras
  4 spiny frogs (Lair:2)
  A polar bear (Lair:4)
  A hippogriff (Lair:2)
  A yak (Lair:2)
  A wyvern (Lair:1)
  A basilisk (Lair:2)
  3 porcupines
  A crocodile (Lair:1)
16 creatures vanquished.

Vanquished Creatures (others)
  A hydra (Lair:5)
  A spiny frog (Lair:5)
  3 komodo dragons (Lair:5)
  A snapping turtle (Lair:4)
  A wolf (Lair:5)
  A crocodile (Lair:5)
  A bush (D:8)
  A fungus (Lair:2)
  A plant (Lair:2)
11 creatures vanquished.

Grand Total: 339 creatures vanquished

Notes
Turn   | Place    | Note
-------+----------+-------------------------------------------
     0 | D:1      | Flugslaktarn the Deep Dwarf Fighter began the quest for the
                  | Orb.
     0 | D:1      | Reached XP level 1. HP: 20/20 MP: 1/1
    64 | D:2      | Reached XP level 2. HP: 27/27 MP: 2/2
   108 | D:2      | Reached skill level 3 in Axes
   108 | D:2      | Reached XP level 3. HP: 13/34 MP: 3/3
   111 | D:2      | Noticed an orc warrior
   138 | D:2      | Reached XP level 4. HP: 42/42 MP: 4/4
   140 | D:2      | Killed an orc warrior
   140 | D:2      | Reached skill level 4 in Axes
   140 | D:2      | Reached XP level 5. HP: 35/49 MP: 5/5
   238 | D:3      | Noticed Grinder
   249 | D:3      | Paralysed by Grinder for 4 turns
   264 | D:3      | Paralysed by Grinder for 7 turns
   273 | D:3      | Killed Grinder
   273 | D:3      | Reached skill level 5 in Axes
   273 | D:3      | Reached XP level 6. HP: 26/57 MP: 6/6
   428 | D:4      | Reached skill level 5 in Armour
   428 | D:4      | Reached skill level 5 in Shields
   428 | D:4      | Reached XP level 7. HP: 25/64 MP: 5/5
   520 | D:4      | Found a staircase to the Ecumenical Temple.
   523 | D:4      | You fall into a shaft and drop 2 floors!
   541 | D:5      | Entered Level 5 of the Dungeon
   551 | D:5      | Reached skill level 6 in Axes
   614 | Temple   | Entered the Ecumenical Temple
   624 | Temple   | Became a worshipper of Makhleb the Destroyer
  1109 | D:5      | Found a hazy altar of Hepliaklqana.
  1110 | D:5      | Found a shimmering altar of Xom.
  1111 | D:5      | Noticed a spectral ugly thing
  1228 | D:5      | Reached skill level 1 in Invocations
  1398 | D:5      | Found a sparkling altar of Nemelex Xobeh.
  1398 | D:5      | Found a snail-covered altar of Cheibriados.
  1399 | D:5      | Found a radiant altar of Vehumet.
  1567 | D:6      | Reached XP level 8. HP: 48/73 MP: 6/6
  1662 | D:6      | Found an opulent altar of Gozag.
  1715 | D:6      | Reached skill level 7 in Axes
  1856 | D:6      | Found a bloodstained altar of Trog.
  2072 | D:6      | Reached * piety under Makhleb
  2072 | D:6      | Reached skill level 5 in Fighting
  2174 | D:7      | Reached skill level 8 in Axes
  2177 | D:7      | Gained mutation: You passively map the area around you.
                  | [Deep Dwarf growth]
  2177 | D:7      | Reached XP level 9. HP: 31/81 MP: 6/8
  2274 | D:7      | Reached ** piety under Makhleb
  2373 | D:7      | Reached skill level 5 in Invocations
  2552 | D:7      | Reached skill level 9 in Axes
  3438 | D:8      | Reached XP level 10. HP: 71/91 MP: 10/10
  3889 | D:9      | Found a shattered altar of Ashenzari.
  3938 | D:9      | Reached *** piety under Makhleb
  4107 | D:9      | Found a staircase to the Orcish Mines.
  4127 | D:9      | Reached skill level 10 in Axes
  4138 | D:9      | You fall into a shaft and drop 2 floors!
  4248 | D:10     | Entered Level 10 of the Dungeon
  4432 | D:10     | Found a flagged portal.
  4436 | D:10     | Reached **** piety under Makhleb
  4453 | Bailey   | Entered a bailey
  4522 | Bailey   | Noticed an orc knight
  4670 | Bailey   | Killed an orc knight
  4670 | Bailey   | Reached skill level 11 in Axes
  5092 | D:9      | Reached XP level 11. HP: 78/100 MP: 12/12
  5183 | D:9      | Found a staircase to the Lair.
  5448 | Lair:1   | Entered Level 1 of the Lair of Beasts
  5589 | Lair:1   | Noticed a seven-headed hydra
  5610 | Lair:1   | Killed a ten-headed hydra
  6365 | Lair:2   | Noticed a six-headed hydra
  6404 | Lair:2   | Killed an 11-headed hydra
  6404 | Lair:2   | Reached skill level 12 in Axes
  6859 | Lair:2   | Reached XP level 12. HP: 69/110 MP: 11/11
  6917 | Lair:2   | Noticed a death yak
  6922 | Lair:2   | Noticed a death yak
  6943 | Lair:2   | Killed a death yak
  6962 | Lair:2   | Killed a death yak
  7511 | Lair:3   | Reached skill level 13 in Axes
  7538 | Lair:3   | Noticed a catoblepas
  7543 | Lair:3   | Reached skill level 10 in Armour
  7571 | Lair:3   | Killed a catoblepas
  7571 | Lair:3   | Reached skill level 10 in Invocations
  7622 | Lair:3   | Reached skill level 10 in Shields
  8315 | Lair:4   | Noticed an eight-headed hydra
  8333 | Lair:4   | Found a staircase to the Snake Pit.
  8364 | Lair:4   | Killed a 15-headed hydra
  8690 | Lair:4   | Reached XP level 13. HP: 50/121 MP: 10/10
  9000 | Lair:4   | Reached skill level 14 in Axes
  9214 | Lair:4   | Found a staircase to the Shoals.
 10047 | Lair:5   | Cast into level 2 of the Abyss (unwielding a weapon of
                  | distortion)
 10219 | Abyss:3  | Collided with a stone wall

Illustrated notes

Levels and vault maps discovered:
D:1:      eino_arrival_cavern_a, layout_basic
D:2:      layout_rooms, minmay_goblin_kobold_house, uniq_crazy_yiuf_cottage
D:3:      layout_basic, first_ration, uniq_grinder
D:4:      layout_loops_ring, temple_statues
D:5:      layout_basic, regret_index_temple_of_mockery,
          gammafunk_temple_overflow_claw
D:6:      minmay_diamond_boxcup, layout_cave_pools, kennysheep_little_box,
          nicolae_gozag_cash_rules_everything_around_me
D:7:      layout_basic
D:8:      layout_basic, serial_glass, glass_columns_b, glass_columns_a,
          glass_columns_b, glass_columns_a, glass_columns_c, glass_columns_b,
          glass_columns_c, glass_columns_b, glass_columns_c, glass_columns_b,
          glass_columns_a, glass_columns_b, glass_columns_a, glass_columns_a,
          kb_lookout_dungeons_type
D:9:      layout_roguey, lair_entry_dummy, david_orc_2, hangedman_fish_farm,
          cheibrodos_ashenzari_chains
D:10:     layout_rooms, enter_bailey_7
D:11:     layout_loops_ring
Temple:   regret_index_temple_sphere_string
Lair:1:   layout_hall_layers, serial_forest, infiniplex_forest_diagonal,
          infiniplex_forest_clump_double, infiniplex_forest_end_3,
          infiniplex_forest_zigzag_1, infiniplex_forest_end_3,
          infiniplex_forest_end_3
Lair:2:   layout_small_grid, beast_lair_carwin_6, grunt_megastairs_4,
          serial_bayou_shore_b
Lair:3:   layout_regular_city
Lair:4:   layout_small_grid, minmay_shoals_entry_hut,
          guppyfry_snake_entry_island, beast_lair_carwin_7,
          serial_bayou_shore_b, grunt_megastairs_5
Lair:5:   layout_gridlike
Abyss:3:  base: D:10, hangedman_abyss_batty_box

Skill      XL: |  1  2  3  4  5  6  7  8  9 10 11 12 13 |
---------------+----------------------------------------+-----
Fighting       | 3 4 5 6 7 8 9 |  9.3
Axes           | 3 4 5 6 8 9 11 12 13 14 | 14.4
Armour         | 4 5 6 7 8 9 10 11 | 11.0
Shields        | 4 5 6 7 8 9 10 11 | 11.0
Invocations    | 1 4 6 7 9 10 11 | 11.4

Action                   |  1- 3 |  4- 6 |  7- 9 | 10-12 | 13-15 || total
-------------------------+-------+-------+-------+-------+-------++-------
Melee: War axe           |    39 |    82 |   442 |   822 |    79 ||  1464
       Hand axe          |       |       |       |       |   109 ||   109
Invok: Lesser Servant of |       |       |       |     7 |     4 ||    11
 Abil: Heal Wounds       |     4 |     4 |    12 |    26 |    11 ||    57
Evoke: Wand              |       |       |       |     3 |       ||     3
  Use: Potion            |     1 |       |       |       |       ||     1
       Scroll            |       |       |       |    24 |       ||    24
  Eat: Chunk             |       |       |    12 |    17 |     5 ||    34
       Ration            |       |       |     2 |       |       ||     2
Armor: Scale mail        |    10 |     1 |       |       |       ||    11
       Plate armour      |       |    46 |   312 |   698 |    96 ||  1152
Dodge: Dodged            |    16 |    18 |    73 |   262 |    46 ||   415
Block: Kite shield       |    23 |    52 |   254 |   611 |    92 ||  1032

Table legend:
 A = Non-vault XP
 B = Vault XP
 C = Vault XP percentage of total XP
 D = Non-vault monster count
 E = Vault monster count
 F = Vault count percentage of total count
                 A         B        C        D         E       F
            +---------+---------+-------+---------+---------+-------
      Total |   38354 |    9175 |  19.3 |     275 |      59 |  17.7
            +---------+---------+-------+---------+---------+-------
        D:1 |       3 |       0 |   0.0 |       2 |       0 |   0.0
        D:2 |     246 |       0 |   0.0 |      12 |       0 |   0.0
        D:3 |       2 |     267 |  99.3 |       1 |       1 |  50.0
        D:4 |     347 |       0 |   0.0 |      16 |       0 |   0.0
        D:5 |     355 |       0 |   0.0 |       8 |       0 |   0.0
        D:6 |     714 |     367 |  34.0 |      15 |       6 |  28.6
        D:7 |    2021 |       0 |   0.0 |      39 |       0 |   0.0
        D:8 |    1493 |     112 |   7.0 |      28 |       1 |   3.4
        D:9 |     909 |     449 |  33.1 |      16 |       8 |  33.3
       D:10 |    1573 |      44 |   2.7 |      22 |       4 |  15.4
       D:11 |    1700 |       0 |   0.0 |       9 |       0 |   0.0
     Lair:1 |    3916 |       0 |   0.0 |      22 |       0 |   0.0
     Lair:2 |    8250 |    1392 |  14.4 |      25 |       7 |  21.9
     Lair:3 |    5652 |       0 |   0.0 |      22 |       0 |   0.0
     Lair:4 |    3127 |    5782 |  64.9 |      12 |      20 |  62.5
     Lair:5 |    5630 |       0 |   0.0 |      18 |       0 |   0.0
    Abyss:2 |    1140 |       0 |   0.0 |       2 |       0 |   0.0
    Abyss:3 |    1276 |       0 |   0.0 |       6 |       0 |   0.0
     Bailey |       0 |     762 | 100.0 |       0 |      12 | 100.0
            +---------+---------+-------+---------+---------+-------
